 Dungeon Crawl Stone Soup version 0.16-a0-3911-g06eb01e (webtiles) character file.

98 timbw the Magician (level 4, 0/27 HPs)
             Began as a High Elf Ice Elementalist on Feb 3, 2015.
             Slain by a sky beast (3 damage)
             ... on level 4 of the Dungeon.
             The game lasted 00:04:16 (642 turns).

timbw the Magician (High Elf Ice Elementalist)       Turns: 642, Time: 00:04:16

Health: 0/27       AC:  3    Str:  7    XL:     4   Next: 43%
Magic:  16/16      EV: 12    Int: 20    God:
Gold:   19         SH:  0    Dex: 17    Spells: 1 memorised, 12 levels left

rFire  . . .     SeeInvis .     j - +6 dagger of the Sage {freeze, +Fly Dex+2}
rCold  . . .     Clarity  .     i - +0 leather armour
rNeg   + . .     SustAb   .     (no shield)
rPois  .         Gourm    .     (no helmet)
rElec  .         Spirit   .     (no cloak)
rCorr  .         Warding  .     (no gloves)
rMut   .         Stasis   .     (no boots)
MR     .....                    (no amulet)
Stlth  ++........               (no ring)
                                o - ring of positive energy

@: very slightly contaminated, not resistant to hostile enchantments, unstealthy
A: no striking features
a: Evoke Flight


You were on level 4 of the Dungeon.
You were not hungry.

You visited 1 branch of the dungeon, and saw 5 of its levels.

You collected 19 gold pieces.

Inventory:

Hand weapons
 h - a +0 halberd
 j - the +6 dagger of the Sage (weapon) {freeze, +Fly Dex+2}
   (You found it on level 5 of the Dungeon)

   It has been specially enchanted to freeze those struck by it, causing extra
   injury to most foes and up to half again as much damage against particularly
   susceptible opponents.
   It can also slow down cold-blooded creatures.
   It affects your dexterity (+2).
   It lets you fly.
Armour
 a - a +0 robe
 i - a +0 leather armour (worn)
Jewellery
 o - a ring of positive energy (left hand)
Magical devices
 m - a wand of random effects (38)
 p - a wand of draining (0)
Scrolls
 e - 2 scrolls of teleportation {unknown}
 f - a scroll of recharging {unknown}
 g - a scroll of remove curse {unknown}
 l - a scroll of identify {unknown}
Potions
 d - a potion of restore abilities {unknown}
Books
 b - a book of Frost

   Spells                             Type                      Level
   a - Freeze                         Ice                          1
   b - Throw Frost                    Conjuration/Ice              2
   c - Ozocubu's Armour               Charms/Ice                   3
   d - Throw Icicle                   Conjuration/Ice              4
   e - Summon Ice Beast               Ice/Summoning                4
   f - Condensation Shield            Ice                          4
Comestibles
 c - 2 bread rations
 k - a royal jelly
 n - a meat ration


   Skills:
 - Level 2.1 Dodging
 - Level 2.1 Stealth
 + Level 5.3 Spellcasting
   Level 1.1 Conjurations
 - Level 3.0 Ice Magic


You had 12 spell levels left.
You knew the following spells:

 Your Spells              Type           Power        Failure   Level  Hunger
a - Freeze                Ice            ###.         6%          1    None


Dungeon Overview and Level Annotations

Branches:
Dungeon (5/15)
 Temple: D:4-7

Altars:


Message History

A sky beast appears from thin air!
Reactivating autopickup.
Evoke which item? (* to show all) (? for menu, Esc to quit)
Zapping:
p - a wand of draining {zapped: 3} (will waste charges)
Press: ? - help, Shift-Dir - straight line, f/p - sky beast
Aim: a sky beast (lightly wounded)
The bolt of negative energy hits the sky beast.
The sky beast is drained!
The sky beast is severely wounded.
Evoking this partially-identified wand wasted a few charges.
The sky beast hits you.
* * * LOW HITPOINT WARNING * * *
The sky beast shocks you.
* * * LOW HITPOINT WARNING * * *
Evoke which item? (* to show all) (? for menu, Esc to quit)
Zapping:
p - a wand of draining {zapped: 6} (will waste charges)
Press: ? - help, Shift-Dir - straight line, f/p - sky beast
Aim: a sky beast (severely wounded, lightly drained) Nothing appears to happen.
The sky beast hits you.
You die...

#....#...##.
#.#.........
#...###..... ##..#
#.. ##.# . ###≈#
##...# #..#Y# #.##@#
#. . ##.##.# .....
#..##.# ##.#....
#####.###.###..#...#
##..>........#.#...#
#..........#.......#
#..........#.....#.#
##........#.....##.#
#..###.........##.#


You could see a sky beast.

Vanquished Creatures
  An iguana (D:5)
  A river rat (D:5)
  2 adders
  A gnoll (D:1)
  A worm (D:2)
  A giant gecko (D:2)
  An orc (D:5)
  6 goblins
  3 hobgoblins
  A kobold (D:1)
  2 bats (D:3)
  A giant cockroach (D:1)
  10 rats
31 creatures vanquished.

Notes
Turn   | Place    | Note
--------------------------------------------------------------
     0 | D:1      | timbw, the High Elf Ice Elementalist, began the quest for the Orb.
     0 | D:1      | Reached XP level 1. HP: 11/11 MP: 4/4
   122 | D:1      | Reached XP level 2. HP: 15/17 MP: 1/7
   237 | D:3      | Reached skill level 4 in Spellcasting
   237 | D:3      | Reached XP level 3. HP: 21/21 MP: 9/11
   481 | D:4      | Noticed a sky beast
   502 | D:5      | Entered Level 5 of the Dungeon
   511 | D:5      | Got an iridescent dagger
   512 | D:5      | Identified the +6 dagger of the Sage {freeze, +Fly Dex+2} (You found it on level 5 of the Dungeon)
   588 | D:5      | Reached skill level 5 in Spellcasting
   588 | D:5      | Reached XP level 4. HP: 14/27 MP: 12/16
   642 | D:4      | Slain by a sky beast

Action                   |  1- 3 |  4- 6 || total
-------------------------+-------+-------++-------
Melee: Halberd           |    27 |       ||    27
       Dagger            |       |    11 ||    11
 Cast: Freeze            |    28 |     3 ||    31
Evoke: Wand              |       |     2 ||     2
 Stab: Sleeping          |     3 |       ||     3
